 Dungeon Crawl Stone Soup version 0.29.0-4-gdea44cf6ec (webtiles) character file.

Game seed: 14529887892342908230

38 qw the Chopper (level 3, -5/21 HPs)
             Began as a Tengu Warper on Aug 28, 2022.
             Shot with an arrow by a centaur (7 damage)
             ... on level 3 of the Dungeon.
             The game lasted 00:00:10 (1725 turns).

qw the Chopper (Tengu Warper)                       Turns: 1725, Time: 00:00:10

Health: -5/21      AC: 10    Str: 13    XL:     3   Next: 43%
Magic:  7/7        EV:  7    Int: 13    God:
Gold:   58         SH:  0    Dex: 13    Spells: 6/6 levels left

rFire   . . .      SeeInvis .   Y - +1 hand axe
rCold   . . .      Faith    .   (no shield)
rNeg    . . .      Spirit   .   n - +0 plate armour
rPois   .          Reflect  .   (helmet restricted)
rElec   .          Harm     .   (no cloak)
rCorr   .          Rampage  .   (no gloves)
Will    .....                   (boots unavailable)
Stlth   ..........              (no amulet)
HPRegen 0.07/turn               k - +4 ring of evasion
MPRegen 0.10/turn               (no ring)

@: hasted, very quick
A: beak, talons 3
a: no special abilities


You were on level 3 of the Dungeon.
You visited 1 branch of the dungeon, and saw 3 of its levels.

You collected 58 gold pieces.


Innate Abilities, Weirdness & Mutations

You have a beak for a mouth.
You have claws for feet.


   Skills:
 - Level 2.0 Fighting
 - Level 4.1 Axes
 - Level 1.0 Throwing
 + Level 1.1 Armour
 - Level 2.1 Dodging
 - Level 2.0 Spellcasting
 - Level 2.4 Translocations


You had 6 spell levels left.
You didn't know any spells.
Your spell library contained the following spells:

 Spells                   Type           Power      Damage    Failure   Level
 Blink                    Tloc           14%        N/A       100%        2
 Gell's Gravitas          Tloc           7%         N/A       100%        3
 Lesser Beckoning         Tloc           7%         N/A       100%        3
 Teleport Other           Tloc           7%         N/A       100%        3
 Manifold Assault         Tloc           7%         N/A       100%        5

Inventory:

Hand Weapons
 m - a +0 whip
 Y - a +1 hand axe (weapon)
Armour
 n - a +0 plate armour (worn)
Jewellery
 k - a +4 ring of evasion (left hand)
Potions
 d - a potion of heal wounds {unknown}
 e - a potion of brilliance {unknown}
 g - a potion of curing {unknown}
 h - a potion of experience {unknown}
 j - a potion of attraction {unknown}
 l - a potion of haste

Dungeon Overview and Level Annotations

Branches:
Dungeon (3/15)

Altars:


Message History

Done exploring.
1690 ||| READING scroll labelled VEMUSE KAET.
As you read the scroll labelled VEMUSE KAET, it crumbles to dust.
It is a scroll of amnesia.
You feel forgetful for a moment.
Done exploring.
1691 ||| READING scroll labelled EXITY ZUAXT.
As you read the scroll labelled EXITY ZUAXT, it crumbles to dust.
You feel momentarily disoriented.
It was a scroll of magic mapping.
Done exploring.
1692 ||| DRINKING 2 metallic golden potions.
It was a potion of haste.
You feel yourself speed up.
Done exploring.
(D) Dungeon
Where to? (* - list waypoints, Enter - D:2, ? - help)
What level of the Dungeon? (default 1, ? - help)
There is a stone staircase leading down here.
You climb downwards.
The hobgoblin shouts!
The goblin shouts!
The centaur shouts!
The kobold shouts!
Found 18 gold pieces and a whip.
There is a stone staircase leading up here.
There are monsters nearby!
Existing waypoints: (1) D:2 (2) D:1 Assign waypoint to what number? (0-9, D - delete waypoint) Waypoint 2 re-assigned from D:1 to D:3.
Enter note: The centaur wields a +0 shortbow.
The centaur shoots an arrow.
The arrow hits you. The goblin barely misses you.
The kobold throws a stone.
The stone hits you but does no damage.
You hit the goblin.
You kill the goblin!
The centaur shoots an arrow.
The arrow hits you!
The centaur shoots an arrow.
The arrow hits you!
You hit the hobgoblin but do no damage. You claw the hobgoblin.
Your peck misses the hobgoblin.
The hobgoblin is moderately wounded.
The hobgoblin barely misses you.
The centaur shoots an arrow.
The arrow hits you!
You die...

... .....
....#.... ......
......... ...)..
........# ......
.....#..# #.....#
..$.....##.......
................#
...c...<..g......
.......#.@.......
.................
......#...)......
......##.K......#
...... #........#
..... #........#
..... .........#
...#......
......#####


You could see a centaur, a hobgoblin and a kobold.

Vanquished Creatures
  A ball python (D:1)
  2 bats (D:1)
  2 endoplasms
  A giant cockroach (D:2)
  4 goblins
  4 hobgoblins
  4 jackals (D:2)
  4 kobolds
  3 quokkas
  3 frilled lizards
  7 rats
35 creatures vanquished.

Notes
Turn   | Place    | Note
-------+----------+-------------------------------------------
     0 | D:1      | qw the Tengu Warper began the quest for the Orb.
     0 | D:1      | Reached XP level 1. HP: 12/12 MP: 4/4
     0 | D:1      | 0 ||| qw: Version: 0.1-a-89-g26bdef1
     0 | D:1      | 0 ||| qw: Game counter: 142
     0 | D:1      | 0 ||| qw: Always use a shield: true
     0 | D:1      | 0 ||| qw: God list: Okawaru
     0 | D:1      | 0 ||| qw: Allow faded altars: false
     0 | D:1      | 0 ||| qw: Do Orc after D:15 true
     0 | D:1      | 0 ||| qw: Do second Lair branch before Depths: true
     0 | D:1      | 0 ||| qw: Lair rune preference: random
     0 | D:1      | 0 ||| qw: Plans: Normal
     0 | D:1      | 0 ||| PLANNING D:1-11
    77 | D:1      | Found a faded altar of an unknown god.
   142 | D:1      | Reached XP level 2. HP: 15/17 MP: 6/6
   231 | D:1      | Reached skill level 3 in Axes
   330 | D:1      | 330 ||| Stepping ~*~*~tactically~*~*~ (stealth).
   736 | D:1      | 736 ||| DROPPING +0 club.
   989 | D:1      | 989 ||| UPGRADING to +0 ring mail.
   999 | D:1      | 999 ||| DROPPING +0 leather armour.
  1000 | D:1      | 1000 ||| UPGRADING to +0 scale mail.
  1010 | D:1      | 1010 ||| DROPPING +0 ring mail.
  1011 | D:1      | 1011 ||| UPGRADING to +4 ring of evasion.
  1012 | D:1      | 1012 ||| DROPPING scroll of blinking.
  1034 | D:2      | Reached XP level 3. HP: 18/21 MP: 7/7
  1034 | D:2      | 1034 ||| STAIRDANCE
  1248 | D:2      | 1248 ||| Stepping ~*~*~tactically~*~*~ (stealth).
  1271 | D:2      | 1271 ||| Stepping ~*~*~tactically~*~*~ (stealth).
  1275 | D:2      | 1275 ||| Stepping ~*~*~tactically~*~*~ (stealth).
  1279 | D:2      | Reached skill level 4 in Axes
  1678 | D:2      | 1678 ||| UPGRADING to +0 plate armour.
  1688 | D:2      | 1688 ||| DROPPING +0 scale mail.
  1689 | D:2      | 1689 ||| READING scroll labelled JIETIXKINTO.
  1690 | D:2      | 1690 ||| READING scroll labelled VEMUSE KAET.
  1691 | D:2      | 1691 ||| READING scroll labelled EXITY ZUAXT.
  1692 | D:2      | 1692 ||| DRINKING 2 metallic golden potions.
  1720 | D:3      | Noticed a centaur
  1724 | D:3      | HP: 2/21 [centaur/arrow (7)]
  1725 | D:3      | Shot with an arrow by a centaur

Levels and vault maps discovered:
D:1:      scummos_arrival_gate, layout_basic, ebering_ecumenical_altar_hall
D:2:      layout_loops_ring
D:3:      layout_rooms, yredelemnul_forgotten_temple_becter

Skill      XL: |  1  2  3 |
---------------+----------+-----
Axes           | 3 4 |  4.1
Fighting       | |  2.0
Throwing       | |  1.0
Armour         | |  1.1
Dodging        | |  2.1
Spellcasting   | |  2.0
Translocations | |  2.4

Action                   || total
-------------------------++-------
Melee: Hand axe          ||    61
       Peck              ||     8
       Kick              ||    16
Throw: Boomerang         ||     7
  Use: Scroll            ||     3
       Potion            ||     1
Armor: Leather armour    ||    12
       Scale mail        ||     4
       Plate armour      ||     1
Dodge: Dodged            ||    28

Table legend:
 A = Non-vault XP
 B = Vault XP
 C = Vault XP percentage of total XP
 D = Non-vault monster count
 E = Vault monster count
 F = Vault count percentage of total count
                 A         B        C        D         E       F
            +---------+---------+-------+---------+---------+-------
      Total |      55 |       0 |   0.0 |      35 |       0 |   0.0
            +---------+---------+-------+---------+---------+-------
        D:1 |      32 |       0 |   0.0 |      21 |       0 |   0.0
        D:2 |      21 |       0 |   0.0 |      13 |       0 |   0.0
        D:3 |       2 |       0 |   0.0 |       1 |       0 |   0.0
            +---------+---------+-------+---------+---------+-------
